 Dungeon Crawl Stone Soup version 0.26-a0-964-g69f9a3b9e2 (webtiles) character file.

Game seed: 15968668497246723780

24 pablito the Sneak (level 3, -2/19 HPs)
             Began as a Kobold Enchanter on Dec 2, 2020.
             Slain by a hobgoblin (5 damage)
             ... led by Robin
             ... on level 2 of the Dungeon.
             The game lasted 00:03:43 (1290 turns).

pablito the Sneak (Kobold Enchanter)                Turns: 1290, Time: 00:03:43

Health: -2/19      AC:  3    Str:  5    XL:     3   Next: 15%
Magic:  1/6        EV: 15    Int: 16    God:
Gold:   54         SH:  0    Dex: 16    Spells: 4/7 levels left

rFire    . . .     SeeInvis .   a - +1 dagger
rCold    . . .     Faith    .   (shield restricted)
rNeg     . . .     Spirit   .   b - +0 robe
rPois    .         Reflect  .   (no helmet)
rElec    .         Harm     .   e - scarf {repulsion}
rCorr    .         Rampage  .   (no gloves)
MR       .....                  j - +0 pair of boots
Stlth    ++++......             (no amulet)
HPRegen  0.06/turn              (no ring)
MPRegen  0.10/turn              (no ring)

@: brilliant, attractive, repel missiles
A: small, nightstalker 3
a: no special abilities


You were on level 2 of the Dungeon.
You visited 1 branch of the dungeon, and saw 2 of its levels.

You collected 54 gold pieces.

Inventory:

Hand Weapons
 a - a +1 dagger (weapon)
Missiles
 h - 3 javelins
Armour
 b - a +0 robe (worn)
 e - a scarf of repulsion (worn)
 j - a +0 pair of boots (worn)
Jewellery
 d - an uncursed ring of flight {unknown}
 g - an uncursed ring of protection from cold {unknown}
Scrolls
 c - 2 scrolls of teleportation {unknown}
 l - a scroll of remove curse {unknown}
Potions
 k - a potion of magic {unknown}


   Skills:
 + Level 2.1 Short Blades
 - Level 2.4 Dodging
 + Level 4.4 Stealth
 + Level 2.5 Spellcasting
 + Level 3.2 Hexes
 + Level 0.3 Ice Magic


You had 4 spell levels left.
You knew the following spells:

 Your Spells              Type           Power        Failure   Level
a - Corona                Hex            ###....      5%          1
b - Ensorcelled Hibernat  Hex/Ice        ##....       14%         2

Your spell library contained the following spells:

 Spells                   Type           Power        Failure   Level
 Confusing Touch          Hex            ###.....     16%         3
 Tukima's Dance           Hex            ###.....     16%         3
 Dazzling Flash           Conj/Hex       ##....       30%         3


Dungeon Overview and Level Annotations

Branches:
Dungeon (2/15)

Altars:

Annotations:
D:2 Robin


Innate Abilities, Weirdness & Mutations

You are small and have problems with some larger weapons.
You are completely attuned to the shadows.


Message History

The goblin is moderately wounded.
The goblin hits you with a +0 dagger. The hobgoblin hits you.
You hit the goblin.
The goblin is severely wounded.
The goblin hits you with a +0 dagger. The hobgoblin hits you.
* * * LOW HITPOINT WARNING * * *
You barely miss the goblin.
The goblin is severely wounded.
A goblin comes into view.
The goblin hits you but does no damage.
The hobgoblin hits you but does no damage.
It was a potion of attraction.
You feel attractive to monsters. The goblin barely misses you.
The hobgoblin closely misses you.
It was a potion of brilliance.
You feel clever all of a sudden. The goblin is pulled toward you!
A hobgoblin comes into view.
The goblin hits you but does no damage. The hobgoblin hits you.
You die...

############
#ggg@g.....#
.g.gh########.#
...... #.#
#l#.... ##.##
#w#.###. ##...#
#....# #....#
##.####
##...#####


You could see a howler monkey, Robin, 3 hobgoblins and a goblin (strong).

Vanquished Creatures
  An adder (D:2)
  A dart slug (D:1)
  4 goblins
  2 hobgoblins
  A frilled lizard (D:1)
  2 kobolds (D:1)
  2 rats (D:1)
13 creatures vanquished.

Notes
Turn   | Place    | Note
-------+----------+-------------------------------------------
     0 | D:1      | pablito the Kobold Enchanter began the quest for the Orb.
     0 | D:1      | Reached XP level 1. HP: 10/10 MP: 3/3
   567 | D:1      | Reached XP level 2. HP: 15/15 MP: 5/5
   990 | D:1      | Learned a level 2 spell: Ensorcelled Hibernation
  1162 | D:2      | Reached XP level 3. HP: 19/19 MP: 6/6
  1266 | D:2      | Noticed Robin
  1290 | D:2      | Slain by a hobgoblin

Illustrated notes

Levels and vault maps discovered:
D:1:      matt_arrival_spirals, layout_basic, dk_noncrumbling_2,
          bh_walls_and_bars
D:2:      layout_loops_ring, uniq_robin

Skill      XL: |  1  2 |
---------------+-------+-----
Short Blades   | 2 |  2.1
Dodging        | |  2.4
Stealth        | |  4.4
Spellcasting   | |  2.5
Hexes          | |  3.2
Ice Magic      | |  0.3

Action                   || total
-------------------------++-------
Melee: Dagger            ||    52
 Cast: Ensorcelled Hiber ||     2
  Use: Potion            ||     2
 Stab: Sleeping          ||     8
Armor: Robe              ||     6
Dodge: Dodged            ||    40

Table legend: (Time is in decaauts)
 A = Elapsed time spent in this place.
 B = Non-inter-level travel time spent in this place.
 C = Inter-level travel time spent in this place.
 D = Time resting spent in this place.
 E = Time spent auto-exploring this place.
 F = Levels seen in this place.
 G = Mean time per level.
                   A        B        C        D        E       F      G
               +--------+--------+--------+--------+--------+-----+--------+
         Total |   1285 |   1270 |     15 |      0 |   1141 |   2 |  642.5 |
       Dungeon |   1285 |   1270 |     15 |      0 |   1141 |   2 |  642.5 |
               +--------+--------+--------+--------+--------+-----+--------+

Top non-repeatable levels by time:
     D:1: 1137 daAuts
     D:2: 148 daAuts
